 Dungeon Crawl Stone Soup version 0.30.1-3-gfc49f6343a (webtiles) character file.

Game seed: 14713987254543481029

73 booth the Magician (level 4, -1/31 HPs)
             Began as a Djinni Fire Elementalist on July 28, 2023.
             Slain by a gnoll
             ... wielding a +0 whip
              (8 damage)
             ... on level 3 of the Dungeon.
             The game lasted 00:12:44 (1647 turns).

booth the Magician (Djinni Fire Elementalist)       Turns: 1647, Time: 00:12:45

Health: -1/31      AC:  2    Str:  7    XL:     4   Next: 51%
Gold:   194        EV: 13    Int: 18    God:
                   SH:  0    Dex: 14

rFire   + + .        b - +1 whip (drain)
rCold   x . .        (no shield)
rNeg    . . .        a - +0 robe
rPois   ∞            k - +0 hat
rElec   .            (no cloak)
rCorr   .            (no gloves)
SInv    .            (boots unavailable)
Will    .....        (no amulet)
Stlth   ++           (no ring)
HPRegen 0.25/turn    (no ring)
MPRegen 0.00/turn

%: infuse magic (-2 HP)
@: flying
A: sickness immunity, fire resistance 2, cold vulnerability 1, float, innate
caster, HP casting, extra vitality 1
a: no special abilities


You were on level 3 of the Dungeon.
You visited 1 branch of the dungeon, and saw 3 of its levels.

You collected 194 gold pieces.

Inventory:

Hand Weapons
 b - a +1 whip of draining (weapon)
Missiles
 m - 6 poisoned darts (quivered)
Armour
 a - a +0 robe (worn)
 k - a +0 hat (worn)
Scrolls
 e - 2 scrolls of teleportation
 g - 4 scrolls of blinking
 i - a scroll of magic mapping
 l - a scroll of noise {unknown}
 n - 2 scrolls of vulnerability {unknown}
Potions
 c - a potion of flight {unknown}
 d - 2 potions of curing
 f - a potion of might
 h - a potion of berserk rage
 j - a potion of heal wounds {unknown}
 o - a potion of invisibility {unknown}


   Skills:
 + Level 0.9 Fighting
 + Level 3.0 Dodging
 + Level 2.4 Stealth
 * Level 3.0 Spellcasting


You knew the following spells:

 Your Spells              Type           Power      Damage    Failure   Level
a - Foxfire               Conj/Fire      52%        2x1d6     4%          1
b - Scorch                Fire           26%        2d6       7%          2
c - Volatile Blastmotes   Fire/Tloc      26%        2d12      14%         3
d - Inner Flame           Hex/Fire       13%        N/A       14%         3
e - Flame Wave            Conj/Fire      13%        2d6       41%         4
f - Sting                 Tmut/Pois      52%        1d5       4%          1
Your spell library was empty.

Dungeon Overview and Level Annotations

Branches:
Dungeon (3/15)

Altars:
Dithmenos
Makhleb

Shops:
D:1 :?


Innate Abilities, Weirdness & Mutations

You are immune to sickness and miasma.
You are immune to poison.
Your flesh is very heat resistant. (rF++)
You are vulnerable to cold. (rC-)
You float through the air rather than walking.
You learn spells naturally, not from books.
Your magical power is your life essence.
You have superior vitality. (+4 MHP)


Message History

The foxfire hits the gnoll but does no damage.
The gnoll is lightly wounded.
A gnoll comes into view. It is wielding a +0 club.
Casting: Foxfire (safe; 4% risk of failure)
Confirm with . or Enter, or press ? or * to list all spells.
Aiming: Sting (safe; 4% risk of failure)
Press: ? - help, Shift-Dir - straight line, f - gnoll
Aim: a gnoll, wielding a +0 spear and wearing a +0 chain mail (lightly wounded, 83% to hit)
The sting hits the gnoll but does no damage.
The gnoll is poisoned.
The gnoll is lightly wounded.
Casting: Sting (safe; 4% risk of failure)
Confirm with . or Enter, or press ? or * to list all spells.
The spell is quite dangerous to miscast (14% risk of failure)!
Continue anyway?
Aiming: Inner Flame (quite dangerous; 14% risk of failure)
Press: ? - help, Dir - move target, f - gnoll, p - gnoll
Aim: a gnoll, wielding a +0 whip and wearing a +0 scale mail (chance to affect: 73%)
The gnoll struggles to resist.
The gnoll barely misses you.
Casting: Inner Flame (quite dangerous; 14% risk of failure)
Confirm with . or Enter, or press ? or * to list all spells.
The spell is quite dangerous to miscast (14% risk of failure)!
Continue anyway?
Aiming: Inner Flame (quite dangerous; 14% risk of failure)
Press: ? - help, Dir - move target, f/p - gnoll
Aim: a gnoll, wielding a +0 whip and wearing a +0 scale mail (chance to affect: 73%)
The gnoll struggles to resist.
The gnoll barely misses you.
Casting: Inner Flame (quite dangerous; 14% risk of failure)
Confirm with . or Enter, or press ? or * to list all spells.
The spell is quite dangerous to miscast (14% risk of failure)!
Continue anyway?
A cloud of volatile blastmotes flares up around you!
The gnoll hits you from afar with a +0 spear!
The gnoll attacks as you move away! The gnoll hits you with a +0 whip!
* * * LOW HITPOINT WARNING * * *
The cloud of blastmotes explodes!
The concussive blast engulfs the gnoll.
The gnoll is moderately wounded.
The concussive blast engulfs you. You resist.
* * * LOW HITPOINT WARNING * * *
You are knocked back by the blast.
You feel better. The gnoll attacks as you move away!
The gnoll hits you with a +0 whip!
You die...

#####.#####.#.#... ..#
....#.###.#.#.#.####.# .#
....#.#............#.# .#
....#.#.#...#..###.#.# .#
....#.#..........#.#§##.#
....#.###.#.#..#.#.#§§.. #
...['...#...#..>...#§#§# ...
....#..##...#....###.#.#..##.
#####..<........@g.gg........
.......##.##########.#.#..#.#
.########.# #.#... # .# #..
#.###.g. .# #.. #.. ..... .#
##. ### ###. .###### ..
......# ...####


You could see 3 gnolls.

Vanquished Creatures
  2 adders
  2 worms
  2 dart slugs
  An orc (D:3)
  2 endoplasms
  A giant cockroach (D:1)
  7 goblins
  5 hobgoblins
  2 jackals (D:2)
  4 quokkas
  3 ball pythons (D:2)
  A bat (D:3)
  3 frilled lizards
  4 kobolds (D:1)
  7 rats
46 creatures vanquished.

Vanquished Creatures (others)
  60 foxfires
60 creatures vanquished.

Grand Total: 106 creatures vanquished

Notes
Turn   | Place    | Note
-------+----------+-------------------------------------------
     0 | D:1      | booth the Djinni Fire Elementalist began the quest for the
                  | Orb.
     0 | D:1      | booth set off with the following spells memorised: Foxfire,
                  | Scorch, Volatile Blastmotes, Inner Flame, Flame Wave.
     0 | D:1      | Reached XP level 1. HP: 15/15 MP: 0/0
    55 | D:1      | Found Huaplos's Book Shop.
   122 | D:1      | Reached XP level 2. HP: 21/21 MP: 0/0
   502 | D:1      | Found Ceaf's Magic Scroll Shoppe.
   686 | D:2      | Reached XP level 3. HP: 24/25 MP: 0/0
   686 | D:2      | Learned a level 1 spell: Sting
   908 | D:2      | Reached XP level 4. HP: 27/31 MP: 0/0
  1079 | D:2      | Found a shadowy altar of Dithmenos.
  1389 | D:3      | Found a burning altar of Makhleb.
  1645 | D:3      | HP: 1/31 [shot self (4)]
  1647 | D:3      | Slain by a gnoll

Illustrated notes

Levels and vault maps discovered:
D:1:      minmay_arrival_three_doors, layout_basic, serial_shops, shop, shop,
          dreamdust_wishing_well
D:2:      layout_rooms, basic_altar, serial_corexii_hall,
          chequers_hall_statues_wall_a, corexii_hall_statues_x,
          corexii_hall_statues_x, chequers_hall_statues_y,
          guppyfry_early_lair_pool
D:3:      layout_basic, lightli_temple_of_fire, uniq_robin

Skill      XL: |  1  2  3  4 |
---------------+-------------+-----
Stealth        | 2 |  2.4
Dodging        | 3 |  3.0
Spellcasting   | 3 |  3.0
Fighting       | |  0.9

Action                     |  1- 3 |  4- 6 || total
---------------------------+-------+-------++-------
  Melee: Unarmed           |     2 |       ||     2
         Whip              |    36 |    14 ||    50
         Punch             |     1 |       ||     1
   Cast: Foxfire           |    24 |    11 ||    35
         Scorch            |     1 |     2 ||     3
         Inner Flame       |       |     2 ||     2
         Sting             |       |     1 ||     1
         Volatile Blastmot |       |     1 ||     1
    Use: Scroll            |     6 |     1 ||     7
         Potion            |       |     2 ||     2
   Stab: Sleeping          |     1 |     1 ||     2
 Armour: Robe              |     3 |     1 ||     4
  Dodge: Dodged            |    20 |     8 ||    28
